AoeStats
← Look There ->

Arabia

510177440Analyzed
1v1 RM · 3d ago on Sep 29, 2026· 44m 39s· 2 players
Game mode
Random Map
Map size
Tiny (2 player)
Population
200
Speed
Normal
Resources
Standard
Victory
Conquest
Starting age
Dark Age
Ending age
Imperial Age
RankedLock teamsTeams togetherTeam positionsShared explorationLock speedFull tech treeHidden civsTurbo modeCheats
Victory
Defeat
🇨🇱 Italians · Chile
1707
+13
🇮🇳 Mongols · India
1648
-13
Look There ->
6:35 Loom
8:49 Feudal Age
9:37 Double-Bit Axe
9:51 Man-at-Arms
10:47 Town Watch
15:37 Fletching
18:36 Wheelbarrow
22:27 Castle Age
21:12 Gold Mining
21:26 Horse Collar
21:49 Padded Archer Armor
22:28 Crossbowman
23:06 Bodkin Arrow
23:31 Bow Saw
27:17 Ballistics
45:03 Imperial Age
44:40 Bloodlines
44:30 Husbandry
Mr. Bungle
5:48 Loom
8:00 Feudal Age
10:40 Double-Bit Axe
16:23 Town Watch
16:51 Fletching
18:31 Gold Mining
21:16 Castle Age
20:21 Padded Archer Armor
21:19 Crossbowman
21:58 Bodkin Arrow
23:57 Ballistics
26:30 Wheelbarrow
30:11 Horse Collar
39:44 Imperial Age
39:08 Elite Skirmisher
40:27 Bracer
41:05 Leather Archer Armor
43:04 Chemistry
42:35 Thumb Ring
44:12 Ring Archer Armor
Connection lost

Rejoining the realm…

Still unreachable

The connection could not be restored.

Session expired

The server has moved on; the page needs a fresh start.